[Event "*** Titled Tuesday 3|2 Blitz"]
[Site "Chess.com"]
[Date "2015.07.07"]
[Round "2"]
[White "gumersindo"]
[Black "PauloCesarCosta"]
[Result "0-1"]
[WhiteElo "2015"]
[BlackElo "2018"]
[TimeControl "180+2"]
[EndTime "11:20:34 PDT"]
[Termination "PauloCesarCosta won by resignation"]

1. d4 d5 2. c4 c6 3. Nf3 e6 4. e3 Nd7 5. Nc3 f5 6. g3 Ngf6 7. Bg2 Bd6 8. Qd3 Ne4 9. O-O O-O 10. Rb1 Ndf6 11. b4 Nxc3 12. Qxc3 Ne4 13. Qd3 a6 14. a4 Bd7 15. b5 axb5 16. axb5 dxc4 17. Qxc4 cxb5 18. Qd3 Bc6 19. Qb3 Qe7 20. Ne1 Kh8 21. Nd3 h6 22. f3 Nf6 23. Bd2 Ra3 24. Qc2 Rfa8 25. Nb4 Qd7 26. Rfc1 Bxb4 27. Bxb4 Ra2 28.
Qd3 Nd5 29. Bd2 R8a3 30. Qe2 Nc3 31. Rxc3 Rxc3 32. Qe1 Rcc2 0-1

[Event "*** Titled Tuesday 3|2 Blitz"]
[Site "Chess.com"]
[Date "2015.07.07"]
[Round "2"]
[White "Dr-Bassem"]
[Black "stepanosinovsky"]
[Result "1-0"]
[WhiteElo "2477"]
[BlackElo "2299"]
[TimeControl "180+2"]
[EndTime "11:20:48 PDT"]
[Termination "Dr-Bassem won by resignation"]

1. e4 b6 2. d4 Bb7 3. Bd3 e6 4. Nf3 Ne7 5. O-O d5 6. e5 Nbc6 7. c3 Qd7 8. Re1 O-O-O 9. b4 Kb8 10. a4 f6 11. a5 Ng6 12. axb6 axb6 13. Qa4 fxe5 14. Nxe5 Ngxe5 15. dxe5 d4 16. Bg5 dxc3 17. Bb5 c2 18. Na3 Qd5 19. Bxd8 Nd4 20. Bxc7+ Kxc7 21. Bf1 Nf3+ 22. Kh1 Nxe1 23. Rxe1 Be7 24. Nb5+ Kb8 25.
Qa7+ Kc8 26. Qxb6 Qc6 27. Na7+ Kd7 28. Nxc6 Bxc6 29. Qd4+ Bd5 30. Bc4 Rc8 31. Bxd5 c1=Q 32. Bc4+ Ke8 33. Rxc1 1-0

[Event "*** Titled Tuesday 3|2 Blitz"]
[Site "Chess.com"]
[Date "2015.07.07"]
[Round "2"]
[White "Keaton87"]
[Black "newtie4"]
[Result "0-1"]
[WhiteElo "2436"]
[BlackElo "2480"]
[TimeControl "180+2"]
[EndTime "11:20:54 PDT"]
[Termination "newtie4 won by resignation"]

1. e4 e5 2. Nf3 Nc6 3. Bb5 Nge7 4.
O-O g6 5. d4 exd4 6. Nxd4 Bg7 7. Be3 O-O 8. Nc3 d6 9. Qd2 Bd7 10. Rad1 Re8 11. Rfe1 a6 12. Bf1 b5 13. Nd5 Nxd5 14.
Nxc6 Bxc6 15. exd5 Bd7 16. c3 Qh4 17. g3 Qh5 18. Be2 Bg4 19. Bxg4 Qxg4 20. Kg2 h5 21.
f3 Qc4 22. a3 a5 23. Bf2 Rab8 24. Qc2 Rxe1 25. Bxe1 Re8 26. Kf2 b4 27. axb4 axb4 28. Qd3 Qc5+ 29. Kg2 bxc3 30. bxc3 Re3 31. Qa6 Re7 32.
Qd3 Qa7 33. Bf2 Qa2 34. Rd2 Qb3 35. c4 Qxd3 36. Rxd3 Re2 37. Re3 Rc2 38. Re8+ Kh7 39. Re7 Bd4 40. Rxf7+ Kg8 41. Rxc7 Rxf2+ 42. Kh3 Rc2 43. Kh4 Bf6+ 44. Kh3 g5 45. Rc6 Bd4 0-1

[Event "*** Titled Tuesday 3|2 Blitz"]
[Site "Chess.com"]
[Date "2015.07.07"]
[Round "2"]
[White "MinhGTrAn"]
[Black "viditchess"]
[Result "1/2-1/2"]
[WhiteElo "2573"]
[BlackElo "2391"]
[TimeControl "180+2"]
[EndTime "11:20:56 PDT"]
[Termination "Game drawn by repetition"]

1. d4 Nf6 2. Bg5 e6 3. e3 c5 4. c3 b6 5. Nf3 Bb7 6. Bd3 Be7 7. Nbd2 O-O 8. O-O h6 9. Bh4 Nc6 10. a3 cxd4 11. cxd4 Nh5 12. Bxe7 Qxe7 13. Rc1 Rfc8 14. Qe2 Nf6 15. Ba6 d6 16. Rc2 Bxa6 17. Qxa6 Rc7 18. Rfc1 Rac8 19. h3 Nd7 20. Qd3 d5 21. b4 Qd6 22.
Ne1 Ne7 23. Nb1 Rxc2 24. Rxc2 Rxc2 25. Nxc2 Qc6 26. b5 Qc7 27. Qc3 Qxc3 28. Nxc3 Kf8 29.
Kf1 Ke8 30. Ke2 Kd8 31. f3 Kc7 32. e4 dxe4 33. fxe4 f5 34. Kd3 Nf6 35. Nb4 fxe4+ 36.
Nxe4 Nfd5 37. Na6+ Kd7 38. g3 Nc7 39. Nxc7 Kxc7 40.
Nc3 Nf5 41. g4 Nd6 42. a4 Kd7 43. Ke3 Nc4+ 44. Ke4 Kd6 45. Kd3 Nb2+ 46. Kc2 Nc4 47. Kd3 Nb2+ 48. Kc2 Nc4 49. Kd3 1/2-1/2

[Event "*** Titled Tuesday 3|2 Blitz"]
[Site "Chess.com"]
[Date "2015.07.07"]
[Round "2"]
[White "LuckyTiger"]
[Black "VSERGUEI"]
[Result "0-1"]
[WhiteElo "2414"]
[BlackElo "2551"]
[TimeControl "180+2"]
[EndTime "11:20:58 PDT"]
[Termination "VSERGUEI won by checkmate"]

1. e4 e6 2. d4 d5 3. Bd3 dxe4 4. Bxe4 Nf6 5. Bf3 c5 6. Ne2 cxd4 7. Qxd4 Bd7 8. Bxb7 Nc6 9. Bxc6 Bxc6 10. Qxd8+ Rxd8 11. O-O Bc5 12. Nbc3 O-O 13. Bg5 h6 14. Bf4 Nh5 15. Be3 Bxe3 16. fxe3 Nf6 17. Nd4 Ba8 18. h3 e5 19. Nb3 Ne4 20. Nxe4 Bxe4 21. c3 f5 22. Rad1 Bc2 23. Rxd8 Rxd8 24. Rf2 Bb1 25. a4 Ba2 26. Nc5 g6 27. b3 Rd1+ 28. Kh2 Bb1 29. b4 Kf7 30. b5 Ke7 31. c4 Rc1 32. Rb2 Rxc4 33. Rxb1 Rxc5 34. b6 axb6 35. Rxb6 Kf7 36. a5 Rxa5 37.
Kg3 Ra3 38. Kf2 Ra4 39. Rc6 h5 40. g3 h4 41. gxh4 Rxh4 42. Kg3 Re4 43. Kf3 Kg7 44. Rc8 Kf6 45. Re8 Ra4 46. Rf8+ Kg5 47. Kg3 Ra3 48. h4+ Kh6 49. Kf3 f4 50. Kg4 Rxe3 51. h5 Rg3+ 52. Kh4 g5# 0-1

[Event "*** Titled Tuesday 3|2 Blitz"]
[Site "Chess.com"]
[Date "2015.07.07"]
[Round "2"]
[White "AlexanderL"]
[Black "Tomsel"]
[Result "1/2-1/2"]
[WhiteElo "2518"]
[BlackElo "2307"]
[TimeControl "180+2"]
[EndTime "11:21:01 PDT"]
[Termination "Game drawn by agreement"]

1. g3 Nf6 2. Bg2 g6 3. d4 d5 4.
c4 Bg7 5. cxd5 Nxd5 6. e4 Nb6 7. Ne2 O-O 8. O-O Nc6 9. d5 Na5 10. Nbc3 c6 11. b3 cxd5 12. exd5 Bg4 13. Bb2 Rc8 14. Rc1 Qd7 15. Qd2 Nac4 16. bxc4 Nxc4 17. Qc2 Nxb2 18. Qxb2 Bxe2 19. Qxe2 Rxc3 20. Rxc3 Bxc3 21. Qe3 Bf6 22. Qxa7 Rc8 23. Rb1 Rc7 24. h4 Kg7 25. a3 Qf5 26. Rxb7 Rc1+ 27. Kh2 Rc2 28. d6 Rxf2 29. dxe7 Bxe7 30.
Rxe7 Qf3 31. Qd4+ Kf8 32. Qd8+ Kg7 33. Qd4+ Kf8 1/2-1/2

[Event "*** Titled Tuesday 3|2 Blitz"]
[Site "Chess.com"]
[Date "2015.07.07"]
[Round "2"]
[White "kesarev"]
[Black "Penguininja"]
[Result "0-1"]
[WhiteElo "2192"]
[BlackElo "2108"]
[TimeControl "180+2"]
[EndTime "11:21:02 PDT"]
[Termination "Penguininja won by resignation"]

1. Nf3 d5 2. c4 c6 3. b3 e6 4. Bb2 Nf6 5. e3 Nbd7 6. Qc2 Be7 7.
g4 O-O 8. g5 Ne4 9. h4 f6 10.
Bd3 Ndc5 11. Be2 Nd7 12. Nc3 Nxc3 13. Qxc3 a5 14. Rg1 Nc5 15. gxf6 Bxf6 16. Rxg7+ Kxg7 17. Qc2 Bxb2 18. Qxb2+ Qf6 19. d4 Nd3+ 20. Bxd3 Qxf3 21.
Be2 Qxf2+ 22. Kd2 Bd7 23. Qa3 Rae8 24. Qd6 Qf7 25. Rf1 Qe7 26. Qe5+ Rf6 27. Bh5 Rf8 28. cxd5 cxd5 29. Kc2 Bb5 30. Rf4 Rc8+ 31. Kb2 Rf8 32. Rf3 Kg8 33. Rf4 Rxf4 34. exf4 Qf6 35. Qe3 Qxf4 36.
Qxe6+ Kh8 0-1

[Event "*** Titled Tuesday 3|2 Blitz"]
[Site "Chess.com"]
[Date "2015.07.07"]
[Round "2"]
[White "eltenedor"]
[Black "FMchesskid"]
[Result "1-0"]
[WhiteElo "2004"]
[BlackElo "1981"]
[TimeControl "180+2"]
[EndTime "11:21:07 PDT"]
[Termination "eltenedor won on time"]

1. c4 Nf6 2. g3 e6 3. Nf3 d5 4. d4 dxc4 5. Bg2 c6 6. O-O b5 7. a4 Bb7 8. Nc3 a6 9. Ne5 Qb6 10. e4 Be7 11. Be3 Qc7 12. f4 O-O 13. f5 exf5 14. Rxf5 c5 15. axb5 cxd4 16. Qxd4 Rd8 17. Nd5 Bxd5 18. exd5 Nbd7 19. Nc6 Bc5 20. Qd2 axb5 21.
Raf1 Re8 22. Bxc5 Nxc5 23. d6 Qb6 24. Kh1 Nce4 25. Bxe4 Nxe4 26. Qd5 Nf6 27. Rxf6 gxf6 28. Ne7+ Kh8 29. Rxf6 Ra1+ 30. Kg2 Qg1+ 31. Kh3 Qd1 32. Qxf7 Rd8 33. Nf5 1-0

[Event "*** Titled Tuesday 3|2 Blitz"]
[Site "Chess.com"]
[Date "2015.07.07"]
[Round "2"]
[White "Cruel_Yaro"]
[Black "zmaj23"]
[Result "0-1"]
[WhiteElo "2484"]
[BlackElo "2437"]
[TimeControl "180+2"]
[EndTime "11:21:18 PDT"]
[Termination "zmaj23 won by resignation"]

1. e4 c5 2. Nf3 d6 3. d4 cxd4 4.
Nxd4 Nf6 5. Nc3 a6 6. g3 e5 7. Nb3 Be6 8. Bg2 Be7 9. O-O Nbd7 10. Nd5 Nxd5 11. exd5 Bf5 12. Be3 h5 13. c4 h4 14. Qd2 Rc8 15. Na5 Qc7 16. b4 Nf6 17. Rac1 Ne4 18. Qe2 Ng5 19. c5 Nh3+ 20. Kh1 Ng5 21.
cxd6 Qxd6 22. Bc5 Qf6 23. f4 hxg3 24. fxg5 Rxh2+ 25. Kg1 Qxg5 26. Qxe5 Rxg2+ 27. Kxg2 Bh3+ 28. Kxh3 Qxe5 29. Rfe1 Qf5+ 30. Kxg3 Rxc5 31. bxc5 Qxd5 32. c6 Qxa5 33. c7 Qg5+ 34. Kf3 Qf5+ 35. Kg2 Qc8 36. Rc2 Kf8 37. Rd1 g5 38. Kf3 f5 39. Rd5 Kf7 40.
Ke3 Ke6 41. Rd1 g4 42. Kf4 Bd6+ 43. Kg5 Qg8+ 0-1

[Event "*** Titled Tuesday 3|2 Blitz"]
[Site "Chess.com"]
[Date "2015.07.07"]
[Round "2"]
[White "patzerplay"]
[Black "Danirod"]
[Result "0-1"]
[WhiteElo "2189"]
[BlackElo "2418"]
[TimeControl "180+2"]
[EndTime "11:21:38 PDT"]
[Termination "Danirod won by resignation"]

1. e4 c5 2. c3 d5 3. exd5 Qxd5 4. d4 Nc6 5. Nf3 e5 6. Na3 cxd4 7. Nb5 Qd7 8. cxd4 a6 9. d5 axb5 10. dxc6 Qxd1+ 11. Kxd1 bxc6 12. Nxe5 Bb7 13. Be2 Bd6 14. Nf3 Nf6 15. Bg5 Ne4 16. Be3 Ke7 17. Bd3 Nc5 18.
Bc2 Rhd8 19. Ke2 h6 20. Nd4 Be5 21. Nf5+ Kf6 22. Bxc5 Re8 23. Ne3 Bxb2 24. Rab1 Bc3 25. Bb3 Bc8 26. Rbd1 Bg4+ 27. f3 Be6 28. Bd4+ Bxd4 29.
Rxd4 c5 30. Rf4+ Ke5 31. Re4+ Kf6 32. Bxe6 fxe6 33. Ng4+ Kg6 34. Ne5+ Kh7 35. Kf2 Rxa2+ 36. Kg3 Rd8 37. Ng4 c4 38. Rb1 Rd5 39. Ne3 Rg5+ 40. Rg4 Re5 41. Kf4 Rc5 42. Ke4 c3 43. Kd3 Rd2+ 44. Ke4 c2 45. Rc1 b4 46. Nxc2 Rcxc2 47. Rb1 Rxg2 48. Rxb4 Rxg4+ 49. fxg4 Rxh2 50. Kf4 Re2 51. Re4 Rxe4+ 52. Kxe4 Kg6 53. Ke5 Kg5 54. Kxe6 Kxg4 55. Kf7 0-1

[Event "*** Titled Tuesday 3|2 Blitz"]
[Site "Chess.com"]
[Date "2015.07.07"]
[Round "2"]
[White "IMRosen"]
[Black "lexiel"]
[Result "0-1"]
[WhiteElo "2264"]
[BlackElo "2200"]
[TimeControl "180+2"]
[EndTime "11:21:44 PDT"]
[Termination "lexiel won by resignation"]

1. e4 c6 2. c4 d5 3. exd5 cxd5 4.
cxd5 Nf6 5. Nc3 Nxd5 6. Nf3 e6 7. Bb5+ Bd7 8. Bc4 Nb6 9. Bb3 Nc6 10. O-O Be7 11. d4 O-O 12. a3 Rc8 13. Bf4 Na5 14.
Bc2 Nac4 15. Rb1 Nxb2 16. Bxh7+ Kxh7 17. Qc2+ Kg8 18. Qxb2 Bc6 19. Be3 Nc4 20. Qb3 Nxa3 21. Ra1 Bxf3 22. gxf3 Nc4 23. Rxa7 Bd6 24. Ne4 Bb8 25.
Rxb7 Na5 26. Qb5 Nxb7 27. Qxb7 Qc7 28. Qxc7 Bxc7 29. Kg2 Rfd8 30. Ra1 Bb6 31. Ra4 Rd5 32.
Rb4 Ba7 33. Ra4 Rc7 34. f4 Kh7 35. Ng5+ Kg6 36. Nf3 f6 37. Ra6 Kf7 38. Kg3 Rcd7 39. Ra4 Bb8 40. Kg4 Ra7 41. Rb4 Bd6 42. Rc4 Rda5 43. h4 Rc7 44. Nd2 Ra1 45. Rxc7+ Bxc7 46. Nf3 Ra3 47. f5 exf5+ 48. Kxf5 g6+ 49. Kg4 Ke6 50. Kh3 Kf5 51. Nd2 Bf4 52. Nf1 Ke4 53. Kg4 f5+ 54.
Kh3 Bxe3 55. fxe3 f4 56. d5 fxe3 57. Ng3+ Kf3 58. d6 Rd3 59. h5 Rxd6 60. h6 Rd7 61.
Kh4 Rh7 62. Nf1 Kf4 63. Kh3 e2 64. Kg2 0-1

[Event "*** Titled Tuesday 3|2 Blitz"]
[Site "Chess.com"]
[Date "2015.07.07"]
[Round "2"]
[White "AlexCn1"]
[Black "1random"]
[Result "1-0"]
[WhiteElo "2045"]
[BlackElo "1986"]
[TimeControl "180+2"]
[EndTime "11:21:52 PDT"]
[Termination "AlexCn1 won by checkmate"]

1. d4 Nf6 2. c4 e6 3. Nf3 d5 4. g3 Be7 5. Bg2 O-O 6. Qc2 Nc6 7.
O-O dxc4 8. Qxc4 Qd5 9. Qd3 Qe4 10. Qd1 Rd8 11. Nc3 Qf5 12. e3 Bd7 13. Qe2 Be8 14. e4 Qa5 15. Be3 Bb4 16. e5 Bxc3 17. bxc3 Nd5 18.
Bd2 Qa3 19. Ng5 Nce7 20. c4 Nb6 21. Bxb7 Rab8 22. Be4 Nf5 23. Bxf5 exf5 24. d5 h6 25. Nf3 Nxc4 26. Qxc4 Qxf3 27. Qxc7 Qxd5 28. Bf4 Rbc8 29.
Qxa7 Bc6 30. f3 Ra8 31. Qe3 Rxa2 32. Rxa2 Qxa2 33. Rf2 Qe6 34. h4 h5 35. Kg2 g6 36.
Rd2 Rxd2+ 37. Qxd2 Qd5 38. Qe2 Kf8 39. Kf2 Qd4+ 40.
Be3 Qd5 41. Qd2 Qxf3+ 42. Ke1 Qxg3+ 43. Kd1 Ba4+ 44. Kc1 Qxe5 45. Qd8+ Qe8 46. Qd6+ Kg8 47. Qd4 Qc6+ 48. Kd2 Qc2+ 49. Ke1 Qb1+ 50. Kf2 Qa2+ 51.
Kg3 Bc2 52. Bh6 f6 53. Qxf6 Qf7 54. Qd8+ Kh7 55. Bg5 Be4 56. Bf6 Qb3+ 57. Kf4 Qg8 58. Qe7+ Kh6 59. Bg5# 1-0

[Event "*** Titled Tuesday 3|2 Blitz"]
[Site "Chess.com"]
[Date "2015.07.07"]
[Round "2"]
[White "Carolina-moon"]
[Black "Schemato"]
[Result "0-1"]
[WhiteElo "1980"]
[BlackElo "2025"]
[TimeControl "180+2"]
[EndTime "11:21:52 PDT"]
[Termination "Schemato won by resignation"]

1. e4 e6 2. d4 d5 3. Nd2 Be7 4. Ngf3 Nf6 5. e5 Nfd7 6. Bd3 c5 7. c3 b6 8. Qe2 a5 9. dxc5 bxc5 10. O-O Ba6 11.
Bxa6 Nxa6 12. Re1 O-O 13. Nf1 c4 14. Be3 Nac5 15. Bd4 Rb8 16. Rab1 Qc7 17. Ng3 Rb7 18. Red1 Rfb8 19. Rd2 Rb5 20. h3 R8b7 21. Ne1 Qb8 22. Kh2 Na4 23. Nh5 Rxb2 24. Rbxb2 Rxb2 25. Nf3 Rxd2 26.
Qxd2 Qb2 27. Qf4 Qb8 28. Qg4 g6 29. Nf4 Nf8 30. h4 Nc5 31. Bxc5 Bxc5 32. h5 Bxf2 33.
h6 Qd8 34. Ng5 Qe7 35. Ngh3 Bb6 36. Ng5 Bc7 37. Nf3 Nd7 38. g3 Nxe5 39. Nxe5 Bxe5 40. Ne2 Bd6 41. Kg2 Be5 42. Qf3 Qf6 43. Qe3 g5 44. Ng1 Bxc3 45. Nf3 g4 46. Ng1 d4 47. Qe4 Qxh6 48. Ne2 Qg6 49. Nf4 Qxe4+ 0-1

[Event "*** Titled Tuesday 3|2 Blitz"]
[Site "Chess.com"]
[Date "2015.07.07"]
[Round "2"]
[White "wanyaland"]
[Black "alexsuper1987"]
[Result "1-0"]
[WhiteElo "2175"]
[BlackElo "2032"]
[TimeControl "180+2"]
[EndTime "11:21:58 PDT"]
[Termination "wanyaland won by resignation"]

1. d4 Nf6 2. c4 c5 3. d5 e6 4. Nc3 exd5 5. cxd5 d6 6. Nf3 g6 7. g3 Bg7 8. Bg2 O-O 9. O-O Re8 10. Bf4 a6 11. a4 Ne4 12. Qb3 Qc7 13. Rfe1 Nd7 14. a5 Rb8 15. Qc2 Ndf6 16. Nd2 Nxc3 17. bxc3 Bf5 18. e4 Bg4 19. h3 Bd7 20. Nc4 Bf8 21.
e5 Nh5 22. exd6 Qd8 23. Be3 Bb5 24. Qb3 Bxc4 25. Qxc4 Bxd6 26. Qb3 Qc7 27. c4 Re7 28. Bg5 f6 29. Rxe7 Qxe7 30. Bd2 Qe2 31. Qc2 Qe7 32. Re1 Qc7 33. Qe4 Ng7 34. Bc3 Kf7 35. Qf3 Be7 36.
g4 Qd6 37. g5 f5 38. Bxg7 Kxg7 39. Re6 Qd7 40. Qc3+ Kf7 41. Qe5 Bxg5 42. Qxb8 1-0

[Event "*** Titled Tuesday 3|2 Blitz"]
[Site "Chess.com"]
[Date "2015.07.07"]
[Round "2"]
[White "162a54f5d"]
[Black "Jahonas"]
[Result "1-0"]
[WhiteElo "2234"]
[BlackElo "2097"]
[TimeControl "180+2"]
[EndTime "11:22:04 PDT"]
[Termination "162a54f5d won by resignation"]

1. d4 c6 2. Nf3 d5 3. c4 Nf6 4. e3 dxc4 5. Bxc4 e6 6. O-O Be7 7. Qe2 O-O 8. Rd1 b5 9. Bd3 Bb7 10. a4 a6 11. e4 Nbd7 12. Nc3 b4 13. Nb1 c5 14. e5 Nd5 15. Be4 f5 16. exf6 N7xf6 17.
Bc2 Qb6 18. Nbd2 Nf4 19. Qe3 N6d5 20. Qe1 Rae8 21. Nc4 Qc7 22. Nfe5 cxd4 23. Rxd4 Bc5 24. Rd2 b3 25. Bxb3 Bb4 26. Qf1 Bxd2 27. Bxd2 Kh8 28. Rc1 Qe7 29. Na5 Ba8 30. Nac6 Qg5 31. Kh1 Rf5 32. Re1 Qh5 33. f3 Rc8 34. g4 Qe8 35. gxf5 Bxc6 36. Nxc6 Qxc6 37. fxe6 Nxe6 38. Qc4 Qxc4 39.
Bxc4 Rxc4 40. Rxe6 h6 41. Rd6 Nb4 42. b3 Rh4 43.
Kg2 Nc2 44. Rxa6 Rd4 45. Bc3 Rd3 46. Be5 Rxb3 47. Rxh6+ Kg8 48. Rg6 Ne3+ 49. Kh3 Nf5 50. Kg4 Nh6+ 51. Kg3 Nf5+ 52. Kf4 Nh4 53. Rxg7+ Kf8 54.
Ke4 Nxf3 55. Rg4 Nxe5 56. Kxe5 Ra3 57. Rf4+ Kg7 58. h4 Kh6 59. Kd6 Kh5 60. Kc6 1-0

[Event "*** Titled Tuesday 3|2 Blitz"]
[Site "Chess.com"]
[Date "2015.07.07"]
[Round "2"]
[White "kharposh"]
[Black "darkknight123456"]
[Result "0-1"]
[WhiteElo "2182"]
[BlackElo "2103"]
[TimeControl "180+2"]
[EndTime "11:22:20 PDT"]
[Termination "darkknight123456 won on time"]

1. e4 c5 2. Nf3 d6 3. d4 cxd4 4.
Nxd4 Nf6 5. Nc3 a6 6. Bc4 e6 7.
Bb3 Nbd7 8. f4 Nc5 9. Qf3 Be7 10. O-O O-O 11. f5 Nxb3 12. axb3 Bd7 13. Bg5 b5 14.
Kh1 b4 15. Nce2 e5 16. Ng3 exd4 17. Rad1 Rc8 18. Rf2 Nxe4 19. Nxe4 Bxg5 20. Qg4 Bf6 21.
Rd3 Bc6 22. Ng3 Bb5 23. Rdf3 d3 24. c4 bxc3 25. bxc3 Rxc3 26. h3 Rc1+ 27. Kh2 Rc2 28. Nh5 Rxf2 29. Rxf2 Be5+ 30. Kh1 Bf6 31. Rf3 d2 32. Rg3 g6 33. Nf4 Qe7 34. Nd5 Qe1+ 35.
Kh2 d1=Q 36. Nxf6+ Kh8 37. Rf3 Qe5+ 38. Rg3 Qxg4 39. Nxg4 Qf4 0-1

[Event "*** Titled Tuesday 3|2 Blitz"]
[Site "Chess.com"]
[Date "2015.07.07"]
[Round "2"]
[White "MasterLeif"]
[Black "AungTZ"]
[Result "1/2-1/2"]
[WhiteElo "2288"]
[BlackElo "2139"]
[TimeControl "180+2"]
[EndTime "11:22:22 PDT"]
[Termination "Game drawn - insufficient material"]

1. e4 c5 2. Nf3 Nc6 3. d4 cxd4 4. Nxd4 Nf6 5. Nc3 d6 6. Bg5 e6 7. Qd2 a6 8. O-O-O h6 9. Bf4 Bd7 10. Nxc6 Bxc6 11. f3 d5 12. Qe1 Bb4 13. exd5 Nxd5 14. Bd2 Nxc3 15. Bxc3 Qg5+ 16. Kb1 Bxc3 17. Qxc3 O-O 18.
Bd3 Rac8 19. h4 Qg3 20. Qe1 Qf4 21. Qf2 Rfd8 22. a3 Rd7 23. h5 Rcd8 24. Rh4 Qf6 25.
Rhh1 Kh8 26. Qe3 Bb5 27. Be2 Bc6 28. Rxd7 Rxd7 29. Rd1 Rxd1+ 30. Bxd1 Qh4 31. g4 Qh1 32.
Qd3 e5 33. Qd8+ Kh7 34. Qd3+ e4 35. fxe4 Bxe4 36. Qd2 g6 37. Ka2 Bd5+ 38. b3 Be6 39. Qe2 Qd5 40. hxg6+ fxg6 41. Qf3 Kg7 42. a4 Qxf3 43.
Bxf3 b6 44. Ka3 a5 45. b4 Kf6 46. bxa5 bxa5 47. Kb2 Ke5 48. Kc3 Bf7 49. Kd3 h5 50. gxh5 gxh5 51. Bxh5 Bxh5 52. Kc4 Be8 53. Kc5 Bxa4 54.
Kb6 Bxc2 55. Kxa5 1/2-1/2

[Event "*** Titled Tuesday 3|2 Blitz"]
[Site "Chess.com"]
[Date "2015.07.07"]
[Round "2"]
[White "wonderfultime"]
[Black "geeeeri"]
[Result "1-0"]
[WhiteElo "2571"]
[BlackElo "2315"]
[TimeControl "180+2"]
[EndTime "11:23:09 PDT"]
[Termination "wonderfultime won by resignation"]

1. d4 Nf6 2. c4 g6 3. Nc3 d6 4. e4 Bg7 5. f3 O-O 6. Be3 c5 7. Nge2 Nc6 8. d5 Ne5 9. Ng3 a6 10. Be2 e6 11. a4 exd5 12. cxd5 h5 13. O-O h4 14. Nh1 Nh7 15. Qd2 f5 16. Nf2 Bd7 17.
Rab1 Qe7 18. b4 c4 19. a5 Rac8 20. Rfc1 Nf6 21. Bg5 h3 22. Nxh3 fxe4 23. fxe4 Bxh3 24.
gxh3 Nf7 25. Bg4 Qe5 26. Bf4 Nxe4 27. Bxe5 Nxd2 28. Bxg7 Nxb1 29. Bxf8 Nxc3 30. Rxc3 Rxf8 31. Rxc4 Ne5 32. Rc7 Rb8 33. Be6+ Kf8 34. Bc8 Nd3 35. Bxb7 Nxb4 36. Kf2 Re8 37. Kg3 Re4 38. Kf3 Re5 39. Rd7 Nxd5 40. Rxd6 Nc7 41. Rc6 Ne6 42. Rxa6 Nd4+ 43. Kf4 Rf5+ 44. Ke4 Nb5 45. Bc6 Nd6+ 46. Kd4 Ke7 47. Ra7+ Kf6 48. a6 Nb5+ 49. Bxb5 Rxb5 50. Kc4 Ra5 51. Ra8 Ra1 52. Kb5 Kg5 53. Rh8 Rb1+ 54. Kc6 Rc1+ 55. Kb7 Rb1+ 56. Kc7 Rc1+ 57. Kb8 Rb1+ 58.
Ka8 Kf4 59. a7 g5 60. Rb8 Re1 61. Kb7 Re7+ 62. Kb6 Re6+ 63. Kc5 Re5+ 64. Kd6 Ra5 65. a8=Q 1-0

[Event "*** Titled Tuesday 3|2 Blitz"]
[Site "Chess.com"]
[Date "2015.07.07"]
[Round "2"]
[White "jlandaw"]
[Black "pedromartinez91"]
[Result "0-1"]
[WhiteElo "2325"]
[BlackElo "2150"]
[TimeControl "180+2"]
[EndTime "11:23:09 PDT"]
[Termination "pedromartinez91 won by resignation"]

1. e4 c5 2. Nc3 Nc6 3. g3 g6 4. Bg2 Bg7 5. d3 d6 6. f4 e5 7. Nh3 Nge7 8. O-O exf4 9. Nxf4 O-O 10. a3 Ne5 11. Rb1 Bg4 12. Qd2 N7c6 13. b4 Nd4 14. Kh1 b6 15. Ncd5 Bf3 16. Bb2 Bxg2+ 17. Qxg2 Ne6 18.
Nxe6 fxe6 19. Nf4 Qd7 20. Rbd1 Rae8 21. c3 c4 22. d4 Ng4 23. Bc1 e5 24. h3 Nf6 25.
dxe5 Rxe5 26. Rd4 Qb7 27. Rxc4 Nxe4 28. Kh2 d5 29. Rd4 Nxc3 30. Rd3 Ne4 31. Re1 Rfe8 32. Nxd5 Rxd5 33. Rxe4 Rde5 34. Rxe5 Qxg2+ 35. Kxg2 Rxe5 36. Rd7 Re2+ 37. Kf3 Rc2 38. Be3 Rc3 39. a4 a5 40.
bxa5 bxa5 41. Rd5 Ra3 42. Rd8+ Kf7 43. Rd7+ Kg8 44. Rd8+ Kf7 45. Rd7+ Kf8 46. Ra7 Bd4 47. Rxa5 Rxe3+ 48. Kf4 Ra3 49. g4 Bf6 50. h4 Bxh4 51.
Ra7 Be7 52. Ke5 Kf7 53. Kd5 h5 54. gxh5 gxh5 55. Kc4 h4 56. Kb5 h3 57. Rd7 h2 58.
Rd1 Rb3+ 59. Kc6 Rc3+ 60. Kb7 Bc5 61. Rh1 Rb3+ 62. Kc6 Bg1 63. a5 Ke7 64. a6 Rb6+ 0-1

[Event "*** Titled Tuesday 3|2 Blitz"]
[Site "Chess.com"]
[Date "2015.07.07"]
[Round "2"]
[White "Haykos"]
[Black "FancyPlaySyndrome"]
[Result "1/2-1/2"]
[WhiteElo "2166"]
[BlackElo "2184"]
[TimeControl "180+2"]
[EndTime "11:23:12 PDT"]
[Termination "Game drawn - insufficient material"]

1. e4 c5 2. Nf3 d6 3. Bb5+ Bd7 4.
Bxd7+ Qxd7 5. O-O Nc6 6. c3 Nf6 7. d4 Nxe4 8. d5 Ne5 9. Re1 Nxf3+ 10. Qxf3 Nf6 11. Bg5 Qg4 12. Qxg4 Nxg4 13. Nd2 h6 14. f3 Ne5 15. Bh4 g5 16. Bg3 Bg7 17. Rad1 Kd7 18.
Bxe5 Bxe5 19. a4 b6 20. Nc4 Bf6 21. Kf2 Rhb8 22. h3 a6 23. Ra1 Kc7 24. Re2 b5 25. Ne3 h5 26. Nf5 Kd7 27. Ng3 b4 28. Ne4 Bg7 29.
Rae1 bxc3 30. bxc3 Re8 31. Rb2 Rab8 32. Reb1 Rxb2+ 33. Rxb2 Kc7 34. g4 hxg4 35. hxg4 Be5 36. Nxg5 Bxc3 37. Re2 Bd4+ 38. Kg3 Kd7 39. Nxf7 Rb8 40.
Nh6 Be5+ 41. Kg2 c4 42. Nf5 c3 43. f4 Rb2 44. Kf3 c2 45. Rxc2 Rxc2 46. fxe5 dxe5 47. Ke4 Rc4+ 48. Kxe5 Rxg4 49. Nd4 Rg1 50. a5 Ra1 51. Nc6 Ra4 52. Nb8+ Kd8 53. Nc6+ Ke8 54. Ke6 Re4+ 55. Kf5 Rc4 56. Ke5 Rc5 57. Ke6 Rb5 58. Nxe7 Rxa5 59. d6 Rc5 60. d7+ Kd8 61. Kd6 Rc1 62. Nc6+ Rxc6+ 63. Kxc6 a5 64. Kb5 Kxd7 65. Kxa5 1/2-1/2

[Event "*** Titled Tuesday 3|2 Blitz"]
[Site "Chess.com"]
[Date "2015.07.07"]
[Round "2"]
[White "Canonkasparov"]
[Black "jbj"]
[Result "1/2-1/2"]
[WhiteElo "2233"]
[BlackElo "2269"]
[TimeControl "180+2"]
[EndTime "11:23:46 PDT"]
[Termination "Game drawn by repetition"]

1. d4 Nf6 2. Nf3 e6 3. c3 c5 4.
Bf4 cxd4 5. cxd4 b6 6. Nc3 Bb7 7. e3 Be7 8. Be2 O-O 9. h3 d6 10. O-O Nbd7 11. Bh2 a6 12. a4 Rc8 13. Rc1 Rc7 14.
Qb3 Qa8 15. Qa3 Ne8 16. Nb1 Rxc1 17. Rxc1 Qd8 18. Nfd2 d5 19. Qb3 Bd6 20. Bxd6 Nxd6 21. Qc3 Qb8 22. Qc7 Rc8 23. Qxb8 Nxb8 24. Rxc8+ Bxc8 25. Na3 Nc6 26. Nc2 Kf8 27. Bd3 h6 28. f3 f5 29. Kf2 Ke7 30. b4 a5 31. b5 Nd8 32. f4 Bd7 33. Na3 Be8 34. g4 Kf6 35.
Nf3 N8f7 36. Ne5 fxg4 37. hxg4 Ke7 38. Ng6+ Kd8 39. Ne5 Nxe5 40. dxe5 Nb7 41. Bc2 Nc5 42. Nb1 h5 43. g5 Ke7 44. Nc3 g6 45. Ne2 Kd7 46. Nd4 Kc7 47. Kf3 Kb7 48. Kg3 Kc7 49. Nf3 Nd7 50. Nh4 Nf8 51. Kf2 Kd8 52. Ke2 Ke7 53.
Kd2 Kf7 54. e4 Kg7 55. exd5 exd5 56. Kc3 Ne6 57. Ng2 h4 58. Nxh4 Nxf4 59. Kd4 Bf7 60. Nf3 Ne6+ 61. Ke3 Nc5 62. Nd4 Be6 63. Kf4 Kf7 64. Nc6 Bd7 65. Nd4 Be6 66. Nc6 Bd7 67. Nd4 Be6 68. Nf3 Kg7 69. Nh4 Bf7 70. Nf3 Be6 71. Nd4 Kf7 72. Nc6 Bd7 73. Nd4 Be6 1/2-1/2

[Event "*** Titled Tuesday 3|2 Blitz"]
[Site "Chess.com"]
[Date "2015.07.07"]
[Round "2"]
[White "goldaxe"]
[Black "facu57"]
[Result "1/2-1/2"]
[WhiteElo "2157"]
[BlackElo "2220"]
[TimeControl "180+2"]
[EndTime "11:23:50 PDT"]
[Termination "Game drawn by repetition"]

1. e4 c6 2. d4 d5 3. Nc3 dxe4 4. Nxe4 Nf6 5. Nxf6+ gxf6 6. Nf3 Bf5 7. Bd3 Bg6 8. O-O e6 9. Re1 Nd7 10. Bf4 Be7 11. c4 O-O 12. d5 e5 13. Bh6 Re8 14.
Nh4 Bf8 15. Bxf8 Nxf8 16. Nf5 cxd5 17. cxd5 Qxd5 18. Be4 Qxd1 19. Raxd1 Ne6 20. Nd6 Re7 21. Bxb7 Rd8 22. Bc6 Rc7 23. Ba4 Nd4 24. Nb5 Rcd7 25. Nxd4 Rxd4 26. Rxd4 Rxd4 27. Bc6 Rd2 28. b4 Rxa2 29.
h4 Kg7 30. g4 h5 31. gxh5 Bxh5 32. Kg2 Rb2 33. b5 Be2 34. Ra1 Bxb5 35. Bxb5 Rxb5 36. Rxa7 Rb3 37. h5 Rb4 38. Kg3 Rb1 39. h6+ Kg6 40. Kg2 Rb8 41. f4 exf4 42. Kf3 Rh8 43.
Kxf4 Rxh6 44. Ra8 Rh4+ 45. Kg3 Rb4 46. Ra5 f5 47. Ra6+ Kg5 48. Ra8 Rb3+ 49. Kf2 f4 50.
Ra5+ Kg4 51. Ra8 f6 52. Rg8+ Kf5 53. Rg7 Re3 54. Rg8 Re7 55. Rh8 Ke4 56. Ra8 Rd7 57.
Ra4+ Rd4 58. Ra6 Kf5 59. Ra8 Rd2+ 60. Kf3 Rd3+ 61. Kf2 Re3 62. Rb8 Re5 63. Ra8 Kg4 64. Rg8+ Rg5 65. Rh8 f3 66. Ra8 f5 67. Ra4+ f4 68.
Ra8 Rg6 69. Rh8 Rg7 70. Rf8 Rg6 71. Rh8 Rg5 72. Rf8 Rh5 73. Rg8+ Kf5 74. Kxf3 Rh3+ 75. Kf2 Rh2+ 76. Kf3 Rh3+ 77. Kf2 Rb3 78. Rf8+ Ke5 79. Re8+ Kf6 80. Rf8+ Kg5 81. Rg8+ Kf5 82. Rf8+ Ke4 83.
Re8+ Kd4 84. Rd8+ Ke5 85. Re8+ Kd5 86. Rd8+ Ke6 87. Rf8 Ke5 88. Re8+ Kf6 89. Rf8+ Kg5 90. Rg8+ Kh5 91. Rh8+ Kg5 92. Rg8+ Kf5 1/2-1/2